Map: Shrines of Lizul

Players

MonstroTown

  • Race: Terran Terran
  • Spawn Location: 9:00

Michael

  • Race: Zerg Zerg
  • League: Platinum
  • Spawn Location: 6:00

Scrub

  • Race: Zerg Zerg
  • League: Diamond
  • Spawn Location: 3:00

Autumn

  • Race: Zerg Zerg
  • League: Diamond
  • Spawn Location: 12:00

VOD

Have the link to the VOD?

Description

Time

  • Played on: Oct. 7, 2018, 9:52 a.m.
  • Length: 6:30
Show
View Real Time Build Order
Export as new Build Order

MonstroTown Terran 

Build Orders:  

Get SALT Encoding   

  12  0:01  SCV  
  13  0:13  SCV  
  14  0:18  Supply Depot  
  14  0:25  SCV  
  15  0:39  SCV  
  15  0:41  Barracks  
  16  0:52  SCV  
  17  0:57  Supply Depot  
  17  1:03  Barracks  
  17  1:09  SCV  
  18  1:26  SCV, Barracks  
  18  1:28  Marine  
  20  1:38  Barracks  
  20  1:52  Marine  
  20  1:53  Marine  
  23  2:02  Orbital Command  
  22  2:11  Marine  
  22  2:12  Marine  
  22  2:13  Marine  
  25  2:17  Refinery  
  25  2:25  Marine  
  25  2:29  Marine  
  27  2:50  Marine  
  27  2:51  Marine x2  
  28  2:54  Marine  
  28  3:05  Supply Depot  
  28  3:07  SCV  
  28  3:08  Marine x2  
  31  3:27  Marine x3  
  31  3:28  Barracks Tech Lab  
  31  3:33  Supply Depot  
  34  3:44  Marine x3  
  37  3:55  Marine  
  36  4:02  Marine x2  
  36  4:03  Marine  
  39  4:13  Marauder  
  41  4:17  Command Center  
  41  4:20  Marine x2  
  41  4:21  Marine  
  25  4:46  Marine  
  25  4:47  Marine  
  26  4:54  Factory  
  26  4:58  Combat Shields  
  26  4:59  Marine  
  26  5:00  Marine  
  28  5:10  Marine x2  
  30  5:17  Marine  
  30  5:18  Marine  
  32  5:27  Marine  
  32  5:28  Marine  
  34  5:35  Marine  
  35  5:36  Marine  
  36  5:48  Marine x2  
  27  5:53  Marine  
  27  5:54  Marine  
  27  6:02  Factory Tech Lab  
  27  6:03  Starport  
  27  6:06  Marine x2  
Show
View Real Time Build Order
Export as new Build Order

Michael Zerg 

Build Orders: Pool First 

Get SALT Encoding   

  12  0:01  Drone  
  13  0:13  Overlord  
  13  0:18  Drone  
  14  0:31  Drone x2  
  14  0:35  Drone  
  17  0:41  Extractor  
  16  0:46  Drone  
  17  0:53  Spawning Pool  
  17  0:56  Drone  
  17  1:07  Drone  
  18  1:30  Hatchery  
  17  1:39  Queen  
  19  1:45  Metabolic Boost  
  19  1:47  Zergling x2  
  19  1:50  Zergling x2  
  21  1:56  Drone  
  22  2:02  Overlord  
  22  2:21  Queen  
  24  2:23  Zergling x2  
  24  2:24  Zergling x2  
  26  2:39  Zergling x2  
  25  3:04  Roach Warren  
  24  3:07  Zergling x12  
  24  3:09  Zergling x2, Baneling Nest  
  29  3:32  Lair  
  29  3:36  Drone x3  
  29  3:37  Extractor  
  22  3:56  Zergling x8  
  22  3:57  Zergling x2  
  22  4:00  Drone  
  28  4:07  Zergling x4  
  30  4:10  Zergling x2  
  30  4:14  Zergling x2  
  32  4:18  Zergling x2  
  32  4:23  Zergling x2  
  32  4:35  Zergling x8  
  35  4:39  Baneling x2  
  35  4:40  Baneling  
  35  4:41  Baneling  
  35  4:43  Baneling  
  35  4:45  Baneling  
  34  4:47  Zergling x2  
  28  5:08  Zergling x12  
  29  5:21  Zergling x2  
  29  5:22  Zergling x6  
  27  5:34  Baneling x2  
  27  5:35  Baneling  
  27  5:36  Baneling  
  26  5:43  Zergling x2  
  26  5:44  Zergling x2  
Show
View Real Time Build Order
Export as new Build Order

Scrub Zerg 

Build Orders: Hatch First, Zergling Baneling 

Get SALT Encoding   

  12  0:08  Drone  
  12  0:12  Overlord  
  13  0:17  Drone  
  14  0:31  Drone x2  
  16  0:40  Drone  
  17  0:51  Drone  
  18  1:09  Drone  
  19  1:13  Hatchery, Drone  
  19  1:25  Extractor, Drone  
  19  1:27  Spawning Pool  
  18  1:48  Overlord  
  18  1:49  Drone  
  19  2:07  Drone  
  20  2:15  Queen  
  20  2:19  Spine Crawler  
  21  2:23  Spine Crawler  
  21  2:24  Zergling x4  
  21  2:26  Metabolic Boost  
  21  2:38  Zergling x6  
  21  2:39  Zergling x2  
  25  2:52  Drone x2  
  27  3:06  Drone, Baneling Nest  
  27  3:16  Drone  
  27  3:17  Drone x2  
  30  3:31  Overlord  
  30  3:32  Zergling x4  
  32  3:37  Zergling x4  
  35  3:48  Zergling x2  
  35  3:49  Zergling x4  
  34  3:57  Baneling x3  
  34  3:58  Baneling x2  
  34  4:01  Baneling x3  
  34  4:02  Overlord  
  34  4:09  Queen  
  36  4:14  Zergling x2  
  36  4:15  Zergling x2  
  38  4:20  Overlord  
  32  4:35  Zergling x2  
  32  4:36  Zergling x10  
  37  4:52  Zergling x2  
  37  4:53  Zergling x6  
  40  5:03  Zergling x2  
  40  5:04  Zergling x2  
  33  5:20  Zergling x8  
  36  5:22  Baneling x3  
  36  5:23  Baneling x5  
  36  5:27  Zergling x2  
  36  5:28  Zergling x2  
  38  5:35  Baneling x2  
  38  5:36  Zergling x2  
  39  5:48  Zergling x2  
  39  5:49  Zergling x12  
  41  6:08  Zergling x14  
Show
View Real Time Build Order
Export as new Build Order

Autumn Zerg 

Build Orders: Pool First 

Get SALT Encoding   

  12  0:03  Drone  
  13  0:14  Overlord  
  13  0:24  Drone  
  14  0:33  Drone x2  
  16  0:36  Drone  
  17  0:48  Extractor  
  16  0:51  Spawning Pool  
  16  0:52  Drone  
  16  1:17  Hatchery  
  15  1:20  Drone  
  16  1:45  Zergling x2  
  16  1:46  Zergling x4  
  19  1:48  Queen  
  21  2:01  Spine Crawler  
  20  2:04  Spine Crawler  
  20  2:05  Zergling x2  
  20  2:09  Zergling x2  
  21  2:20  Metabolic Boost  
  21  2:24  Zergling x2  
  22  2:30  Zergling x2  
  22  2:33  Zergling x2  
  24  2:49  Zergling x4  
  25  2:52  Zergling x4  
  27  3:00  Overlord  
  27  3:14  Overlord  
  27  3:18  Queen  
  29  3:22  Zergling x2  
  29  3:23  Zergling x2  
  31  3:32  Overlord  
  31  3:40  Zergling x6  
  34  3:45  Zergling x2  
  34  3:47  Zergling x2  
  32  3:51  Zergling x2  
  32  3:55  Zergling x2  
  25  3:58  Zergling x2  
  26  4:03  Zergling x2  
  26  4:06  Zergling x2  
  28  4:10  Zergling x2  
  28  4:16  Drone  
  30  4:19  Drone  
  30  4:22  Zergling x2  
  32  4:28  Zergling x2  
  32  4:30  Zergling x2  
  33  4:34  Zergling x2  
  33  4:37  Zergling x2  
  35  4:42  Zergling x2  
  35  4:44  Zergling x2  
  37  4:47  Zergling x2  
  37  4:50  Zergling x2  
  39  4:58  Zergling x4  
  41  5:03  Overlord  
  27  5:10  Zergling x2  
  27  5:11  Zergling x2  
  30  5:14  Zergling x2  
  30  5:18  Zergling x2  
  31  5:21  Zergling x2  
  31  5:24  Zergling x2  
  28  5:32  Zergling x4  
  28  5:35  Zergling x2  
  30  5:36  Zergling x2  
  30  5:41  Zergling x2  
  30  5:46  Zergling x4  
  32  5:51  Zergling x2  
  32  5:53  Zergling x2  
  33  5:58  Zergling x2  
  33  6:01  Zergling x2  
  35  6:10  Zergling x2  
  35  6:11  Zergling x2  
Tags
 
Add a new tag
Caveats
  • Supply blocks, unpowered buildings, or Contaminate may cause inaccurate times.
  • Supply counts are checked every 10 seconds.